 Dungeon Crawl Stone Soup version 0.21-a0-404-g291f19a (webtiles) character file.

784 Dysjunc the Sneak (level 7, -2/51 HPs)
             Began as a Gnoll Enchanter on Oct 31, 2017.
             Was an Initiate of Sif Muna.
             Slain by an ice beast (7 damage)
             ... on level 6 of the Dungeon.
             The game lasted 00:30:19 (7591 turns).

Dysjunc the Sneak (Gnoll Enchanter)                 Turns: 7591, Time: 00:30:19

Health: -2/51      AC:  4    Str: 11 (13) XL:     7   Next: 86%
Magic:  15/15      EV: 14    Int: 21 (24) God:    Sif Muna [......]
Gold:   157        SH:  4    Dex: 13 (15) Spells: 5/17 levels left

rFire    + . .     SeeInvis .   i - +0 short sword (flame)
rCold    x . .     Gourm    .   (no shield)
rNeg     . . .     Faith    .   b - +0 robe
rPois    .         Spirit   .   r - +0 helmet
rElec    .         Reflect  +   (no cloak)
rCorr    .         Harm     .   (no gloves)
MR       .....                  u - +0 pair of boots
Stlth    +++.......             E - +4 amulet of reflection
HPRegen  0.17/turn              k - ring of fire
MPRegen  0.14/turn              A - +3 ring of intelligence

@: drained
A: distributed training, fangs 1, clever 1, deterioration 1, strong 1, strong
nose
a: Renounce Religion


You were on level 6 of the Dungeon.
You worshipped Sif Muna.
Sif Muna was noncommittal.
You were not hungry.

You visited 2 branches of the dungeon, and saw 7 of its levels.

You collected 157 gold pieces.

Inventory:

Hand Weapons
 a - a +1 dagger
 i - a +0 short sword of flaming (weapon)
 m - a cursed -2 whip
 n - a +1 short sword of protection
 s - a +0 spear
Missiles
 e - 43 arrows
 f - 149 stones (quivered)
 g - 3 tomahawks
 h - 13 poisoned needles
 t - a throwing net
Armour
 b - a +0 robe (worn)
 r - a +0 helmet (worn)
 u - a +0 pair of boots (worn)
 G - a +0 ring mail
Jewellery
 k - a ring of fire (left hand)
 A - a +3 ring of intelligence (right hand)
 E - a +4 amulet of reflection (around neck)
Scrolls
 l - a scroll of noise {unknown}
 o - a scroll of immolation
 q - a scroll of enchant weapon {unknown}
 w - 2 scrolls of identify {unknown}
 x - a scroll of recharging {unknown}
 y - 3 scrolls of remove curse {unknown}
 z - a scroll of fog {unknown}
 F - a scroll of enchant armour {unknown}
Potions
 p - a potion of brilliance
 v - a potion of might
Books
 c - a book of Maledictions

   Spells                             Type                      Level
   a - Corona                         Hexes                        1
   b - Ensorcelled Hibernation        Hexes/Ice                    2
   c - Confuse                        Hexes                        3
   d - Tukima's Dance                 Hexes                        3
   e - Dazzling Spray                 Conjuration/Hexes            3
Comestibles
 d - 6 fruits
 j - 3 bread rations
 B - a chunk of flesh


   Skills:
 + Level 2.7(1.6) Fighting
 + Level 3.8(2.7) Short Blades
 + Level 2.7(1.6) Long Blades
 + Level 2.7(1.6) Axes
 + Level 2.7(1.6) Maces & Flails
 + Level 2.7(1.6) Polearms
 + Level 2.7(1.6) Staves
 + Level 2.7(1.6) Slings
 + Level 2.7(1.6) Bows
 + Level 2.7(1.6) Crossbows
 + Level 2.7(1.6) Throwing
 + Level 2.7(1.6) Armour
 + Level 5.3(4.2) Dodging
 + Level 6.6(5.4) Stealth
 + Level 2.7(1.6) Shields
 + Level 2.7(1.6) Unarmed Combat
 + Level 5.7(4.6) Spellcasting
 + Level 2.2(1.2) Conjurations
 + Level 5.9(4.8) Hexes
 + Level 2.2(1.2) Charms
 + Level 2.2(1.2) Summonings
 + Level 2.2(1.2) Necromancy
 + Level 2.2(1.2) Translocations
 + Level 2.2(1.2) Transmutations
 + Level 2.2(1.2) Fire Magic
 + Level 2.2(1.2) Ice Magic
 + Level 2.2(1.2) Air Magic
 + Level 2.2(1.2) Earth Magic
 + Level 2.2(1.2) Poison Magic
 + Level 3.0(2.0) Invocations
 + Level 2.7(1.6) Evocations


You had 5 spell levels left.
You knew the following spells:

 Your Spells              Type           Power        Failure   Level  Hunger
a - Confuse               Hex            ####....     4%          3    ##.....
c - Corona                Hex            ####...      1%          1    None
d - Tukima's Dance        Hex            ####....     4%          3    ##.....
s - Ensorcelled Hibernat  Hex/Ice        ###...       4%          2    #......
x - Dazzling Spray        Conj/Hex       ###...       10%         3    ##.....


Dungeon Overview and Level Annotations

Branches:
Dungeon (6/15)             Temple (1/1) D:5

Altars:
Ashenzari
Cheibriados
Dithmenos
Fedhas
Hepliaklqana
Kikubaaqudgha
Makhleb
Nemelex Xobeh
Okawaru
Qazlal
Ru
Sif Muna
Trog
Uskayaw
Vehumet
Wu Jian
Yredelemnul
Zin
The Shining One
Lugonu

Annotations:
D:4 JimmyStorm's ghost, novice HOMo
D:5 Dysjunc's ghost, novice GnEn
D:6 Prince Ribbit


Innate Abilities, Weirdness & Mutations

Your experience applies equally to all skills.
You have very sharp teeth.
Your uncanny sense of smell can sniff out nearby items.
Your mind is acute. (Int +2)
Your body sometimes deteriorates upon taking damage.
Your muscles are strong. (Str +2)


Message History

The ice beast is almost dead.
The ice beast hits you but does no damage.
You block the wight's attack.
You hit the ice beast but do no damage.
The ice beast is almost dead.
The ice beast barely misses you. The wight closely misses you.
You closely miss the ice beast.
The ice beast is almost dead.
The ice beast barely misses you. The wight barely misses you.
You closely miss the ice beast.
The ice beast is almost dead.
The ice beast misses you.
The wight hits you from afar with an enchanted spear.
* * * LOW HITPOINT WARNING * * *
You closely miss the ice beast.
The ice beast is almost dead.
The ice beast hits you.
* * * LOW HITPOINT WARNING * * *
The ice beast freezes you!
You feel a terrible chill!
You die...

#...# #..#...# # ....#
#..#.#.#.#### ###.##
#....<...z..# ##[..#
##.......##.#
.....######.#.###
#....Ys.)......#
#.#.########.#...# #
....# #...###.# #.###
#.zY@..# #.## ##.#####
...# ###.### ...#
#.....# ...# #.....#
## ...#####
#..!..##... .......###
#.........8∆
.........# #.........#
.......#.#####.#.....#


You could see an ice beast and a wight.

Vanquished Creatures
  A phantom (D:4)
  2 ogres (D:4)
  2 wights (D:6)
  5 hounds
  A bullfrog skeleton (D:5)
  An iguana (D:4)
  3 worker ants
  A hound skeleton (D:4)
  2 gnolls
  6 adders
  A howler monkey skeleton (D:4)
  3 adder skeletons
  3 dart slugs
  2 leopard geckos (D:1)
  7 orcs
  2 ball pythons
  5 giant cockroaches
  6 goblins
  6 hobgoblins
  8 jackals
  4 bats
  A frilled lizard (D:2)
  11 kobolds
  6 rats
89 creatures vanquished.

Vanquished Creatures (collateral kills)
  A gnoll (D:6)
1 creature vanquished.

Vanquished Creatures (others)
  3 dancing weapons
3 creatures vanquished.

Grand Total: 93 creatures vanquished

Notes
Turn   | Place    | Note
-------+----------+-------------------------------------------
     0 | D:1      | Dysjunc the Gnoll Enchanter began the quest for the Orb.
     0 | D:1      | Reached XP level 1. HP: 13/13 MP: 6/6
   580 | D:1      | Reached XP level 2. HP: 19/19 MP: 7/7
  1190 | D:2      | Learned a level 2 spell: Ensorcelled Hibernation
  1207 | D:2      | Reached skill level 5 in Spellcasting
  1207 | D:2      | Reached XP level 3. HP: 11/25 MP: 7/9
  1464 | D:2      | Reached skill level 6 in Stealth
  1495 | D:2      | Reached skill level 1 in Fighting
  1495 | D:2      | Reached skill level 1 in Long Blades
  1495 | D:2      | Reached skill level 1 in Axes
  1495 | D:2      | Reached skill level 1 in Maces & Flails
  1495 | D:2      | Reached skill level 1 in Polearms
  1495 | D:2      | Reached skill level 1 in Staves
  1495 | D:2      | Reached skill level 1 in Slings
  1495 | D:2      | Reached skill level 1 in Bows
  1495 | D:2      | Reached skill level 1 in Crossbows
  1495 | D:2      | Reached skill level 1 in Throwing
  1495 | D:2      | Reached skill level 1 in Armour
  1495 | D:2      | Reached skill level 1 in Shields
  1495 | D:2      | Reached skill level 1 in Unarmed Combat
  1495 | D:2      | Reached skill level 1 in Invocations
  1495 | D:2      | Reached skill level 1 in Evocations
  1495 | D:2      | Reached XP level 4. HP: 12/32 MP: 4/11
  1741 | D:2      | Found a blossoming altar of Fedhas.
  1843 | D:2      | Found a burning altar of Makhleb.
  1984 | D:2      | Found an ornate altar of the Wu Jian Council.
  1984 | D:2      | Found a glowing silver altar of Zin.
  2537 | D:2      | Reached skill level 1 in Conjurations
  2537 | D:2      | Reached skill level 1 in Charms
  2537 | D:2      | Reached skill level 1 in Summonings
  2537 | D:2      | Reached skill level 1 in Necromancy
  2537 | D:2      | Reached skill level 1 in Translocations
  2537 | D:2      | Reached skill level 1 in Transmutations
  2537 | D:2      | Reached skill level 1 in Fire Magic
  2537 | D:2      | Reached skill level 1 in Ice Magic
  2537 | D:2      | Reached skill level 1 in Air Magic
  2537 | D:2      | Reached skill level 1 in Earth Magic
  2537 | D:2      | Reached skill level 1 in Poison Magic
  2572 | D:2      | Learned a level 3 spell: Dazzling Spray
  2576 | D:2      | Learned a level 3 spell: Tukima's Dance
  2581 | D:2      | Learned a level 3 spell: Confuse
  2817 | D:3      | Reached XP level 5. HP: 20/37 MP: 12/12
  3148 | D:3      | Found a basalt altar of Yredelemnul.
  3795 | D:4      | Noticed an ogre
  3798 | D:4      | Killed an ogre
  3798 | D:4      | Reached XP level 6. HP: 44/44 MP: 13/13
  4013 | D:4      | Noticed JimmyStorm's ghost (novice HOMo)
  4173 | D:4      | Reached skill level 5 in Dodging
  4521 | D:4      | Gained mutation: Your mind is acute. (Int +2) [potion of mutation]
  4521 | D:4      | Gained mutation: Your body sometimes deteriorates upon taking damage. [potion of mutation]
  4521 | D:4      | Gained mutation: Your muscles are strong. (Str +2) [potion of mutation]
  4627 | D:4      | Reached XP level 7. HP: 50/50 MP: 15/15
  5190 | D:5      | Entered Level 5 of the Dungeon
  5191 | D:5      | Found a sparkling altar of Nemelex Xobeh.
  5199 | D:5      | Found a staircase to the Ecumenical Temple.
  5215 | D:5      | Noticed Dysjunc's ghost (novice GnEn)
  5385 | D:5      | Found a hazy altar of Hepliaklqana.
  5434 | D:5      | Found a sacrificial altar of Ru.
  5490 | Temple   | Entered the Ecumenical Temple
  5513 | Temple   | Became a worshipper of Sif Muna the Loreminder
  5715 | D:5      | Found a stormy altar of Qazlal.
  6481 | D:6      | Found a glowing golden altar of the Shining One.
  6847 | D:6      | Found a hide-covered altar of Uskayaw.
  7284 | D:6      | Noticed Prince Ribbit
  7591 | D:6      | Slain by an ice beast

Vault maps used:
D:1:      evilmike_arrival_rings
D:2:      gammafunk_temple_overflow_wave, old_standard_altar,
          makhleb_blood_cavern_becter, cheibrodos_gnoll_hut
D:3:      yredelemnul_altar_generic, first_bread, minmay_misc_feat_chi
D:4:      roderic_malta_cross
D:5:      nicolae_ru_path_of_blood, kennysheep_little_box, lemuel_crystal_altar,
          nemelex_xobeh_ov_fountains_minmay, minmay_temple_entry_glass
D:6:      lemuel_doored_altar, overflow_temple_1_default,
          lightli_ossuary_entry_decrepit_ruins, uniq_prince_ribbit1, uniq_edmund
Temple:   kb_corrupted_temple

Skill      XL: |  1  2  3  4  5  6  7 |
---------------+----------------------+-----
Spellcasting   | 5 |  5.7
Stealth        | 6 |  6.6
Fighting       | 1 2 |  2.7
Long Blades    | 1 2 |  2.7
Axes           | 1 2 |  2.7
Maces & Flails | 1 2 |  2.7
Polearms       | 1 2 |  2.7
Staves         | 1 2 |  2.7
Slings         | 1 2 |  2.7
Bows           | 1 2 |  2.7
Crossbows      | 1 2 |  2.7
Throwing       | 1 2 |  2.7
Armour         | 1 2 |  2.7
Shields        | 1 2 |  2.7
Unarmed Combat | 1 2 |  2.7
Invocations    | 1 2 3 |  3.0
Evocations     | 1 2 |  2.7
Conjurations   | 1 2 |  2.2
Charms         | 1 2 |  2.2
Summonings     | 1 2 |  2.2
Necromancy     | 1 2 |  2.2
Translocations | 1 2 |  2.2
Transmutations | 1 2 |  2.2
Fire Magic     | 1 2 |  2.2
Ice Magic      | 1 2 |  2.2
Air Magic      | 1 2 |  2.2
Earth Magic    | 1 2 |  2.2
Poison Magic   | 1 2 |  2.2
Short Blades   | 3 |  3.8
Dodging        | 5 |  5.3
Hexes          | |  5.9

Action                   |  1- 3 |  4- 6 |  7- 9 || total
-------------------------+-------+-------+-------++-------
Melee: Dagger            |    76 |   194 |   184 ||   454
       Bite              |     4 |    18 |    19 ||    41
       Short sword       |       |       |    18 ||    18
       Punch             |       |       |     3 ||     3
Throw: Stone             |     1 |     3 |       ||     4
 Cast: Ensorcelled Hiber |     4 |    11 |     7 ||    22
       Dazzling Spray    |       |     2 |       ||     2
       Confuse           |       |     1 |     4 ||     5
       Tukima's Dance    |       |     1 |     5 ||     6
       Corona            |       |       |     2 ||     2
  Use: Potion            |       |     5 |     4 ||     9
       Scroll            |       |     4 |     2 ||     6
 Stab: Sleeping          |    13 |    19 |     5 ||    37
       Distracted        |       |     2 |     1 ||     3
       Invisible         |       |     1 |       ||     1
  Eat: Chunk             |     2 |     4 |     2 ||     8
       Bread ration      |       |     1 |     1 ||     2
       Meat ration       |       |     1 |       ||     1
       Royal jelly       |       |       |     1 ||     1
Armor: Robe              |     5 |    22 |    31 ||    58
Dodge: Dodged            |    51 |   134 |   133 ||   318
Block: Other             |       |       |    25 ||    25

Table legend:
 A = Spawn XP
 B = Non-spawn XP
 C = Spawn XP percentage of total XP
 D = Spawn monster count
 E = Non-spawn monster count
 F = Spawn count percentage of total count
 G = Total turns spent on level
                    A         B        C        D         E        F      G
               +---------+---------+-------+---------+---------+-------+---------
         Total |       0 |    1121 |   0.0 |       0 |      90 |   0.0 |  7591
               +---------+---------+-------+---------+---------+-------+---------
           D:1 |       0 |      18 |   0.0 |       0 |      11 |   0.0 |  1110
           D:2 |       0 |     126 |   0.0 |       0 |      26 |   0.0 |  1601
           D:3 |       0 |      81 |   0.0 |       0 |      21 |   0.0 |  1084
           D:4 |       0 |     556 |   0.0 |       0 |      19 |   0.0 |  1538
           D:5 |       0 |     168 |   0.0 |       0 |       5 |   0.0 |  1368
           D:6 |       0 |     172 |   0.0 |       0 |       8 |   0.0 |   821
               +---------+---------+-------+---------+---------+-------+---------
